 Dungeon Crawl Stone Soup version 0.22-a0-587-g7d32d7c (webtiles) character file.

1186 royokou the Cleaver (level 8, -1/64 HPs)
             Began as a Minotaur Fighter on July 4, 2018.
             Was an Initiate of Makhleb.
             Slain by a two-headed ogre
             ... wielding a +0 giant spiked club
              (13 damage)
             ... on level 5 of the Dungeon.
             The game lasted 00:12:54 (4831 turns).

royokou the Cleaver (Minotaur Fighter)              Turns: 4831, Time: 00:12:55

Health: -1/64      AC:  6    Str: 26    XL:     8   Next: 19%
Magic:  7/7        EV:  5    Int:  5    God:    Makhleb [......]
Gold:   234        SH: 18    Dex: 12    Spells: 7/7 levels left

rFire    . . .     SeeInvis .   a - +0 war axe
rCold    . . .     Gourm    .   k - +0 large shield
rNeg     . . .     Faith    .   b - +0 scale mail
rPois    .         Spirit   .   (helmet restricted)
rElec    .         Reflect  +   (no cloak)
rCorr    .         Harm     .   (no gloves)
MR       .....                  (no boots)
Stlth    ..........             G - +3 amulet of reflection
HPRegen  0.20/turn              (no ring)
MPRegen  0.10/turn              (no ring)

@: mighty
A: retaliatory headbutt, horns 2
a: Renounce Religion


You were on level 5 of the Dungeon.
You worshipped Makhleb.
Makhleb was noncommittal.
You were very hungry.

You visited 2 branches of the dungeon, and saw 7 of its levels.
You also visited: Sewer.

You collected 234 gold pieces.

Inventory:

Hand Weapons
 a - a +0 war axe (weapon)
 t - a +0 hunting sling
 E - a +0 hand crossbow
 I - a +0 battleaxe
Missiles
 u - 152 stones (quivered)
Armour
 b - a +0 scale mail (worn)
 c - a +0 shield
 k - a +0 large shield (worn)
Jewellery
 o - an uncursed amulet of the acrobat
 y - an uncursed amulet of magic regeneration
 G - a +3 amulet of reflection (around neck)
 J - a +2 ring of dexterity {unknown}
Wands
 v - a wand of digging (5)
 w - a wand of flame (5)
Scrolls
 g - 5 scrolls of teleportation {unknown}
 i - a scroll of random uselessness {unknown}
 j - 2 scrolls of immolation {unknown}
 l - 4 scrolls of identify {unknown}
 n - 3 scrolls of enchant weapon {unknown}
 p - 8 scrolls of fog {unknown}
 x - a scroll of amnesia {unknown}
 C - a scroll of blinking {unknown}
 F - 3 scrolls of remove curse {unknown}
Potions
 d - a potion of might
 e - 2 potions of lignification {unknown}
 h - 3 potions of degeneration {unknown}
 m - 2 potions of brilliance {unknown}
 q - 2 potions of magic {unknown}
 r - 2 potions of agility {unknown}
 s - 8 potions of curing {unknown}
 z - 2 potions of haste {unknown}
 A - a potion of resistance {unknown}
 B - a potion of invisibility {unknown}
 D - 2 potions of heal wounds {unknown}
Comestibles
 f - 13 rations


   Skills:
 - Level 3.6 Fighting
 + Level 11.7 Axes
 - Level 3.6 Armour
 - Level 3.6 Shields


You had 7 spell levels left.
You didn't know any spells.
Your spell library contained the following spells:

 Spells                   Type           Power        Failure   Level  Hunger
 Apportation              Tloc           #.....       100%        1    ##.....
 Summon Small Mammal      Summ           #...         100%        1    ##.....
 Animate Skeleton         Necr           N/A          100%        1    ##.....
 Confusing Touch          Hex            #.....       100%        1    ##.....


Dungeon Overview and Level Annotations

Branches:
Dungeon (6/15)             Temple (1/1) D:4

Altars:
Ashenzari
Cheibriados
Fedhas
Gozag
Hepliaklqana
Kikubaaqudgha
Makhleb
Okawaru
Qazlal
Sif Muna
Trog
Uskayaw
Vehumet
Zin
The Shining One


Innate Abilities, Weirdness & Mutations

You reflexively headbutt those who attack you in melee.
You have a pair of horns on your head.


Message History

You block the two-headed ogre's attack. You block the two-headed ogre's attack.
The two-headed ogre hits you with a giant spiked club!
You climb upwards.
There is a stone staircase leading down here.
You block the two-headed ogre's attack.
The two-headed ogre hits you with a giant spiked club!
* * * LOW HITPOINT WARNING * * *
You block the two-headed ogre's attack.
The two-headed ogre hits you with a giant spiked club!
* * * LOW HITPOINT WARNING * * *
You are feeling very hungry.
There is an open door here.
You feel very mighty all of a sudden.
You block the two-headed ogre's attack. x2
Your shield and scale mail prevent you from hitting the two-headed ogre.
You headbutt the two-headed ogre!
The two-headed ogre is moderately wounded.
The two-headed ogre hits you with a giant spiked club!
You die...

.........##....##############
.................#
.................#
.................#
..####...##......#
#'####...##...###############
.........##...####.#........#
...................#........#
...............O@..#.)......#
...................#........#
...................#........#
...................#........#
............<......#........#
####'###############........#
............................#
............................#
............................#


You could see a two-headed ogre.

Vanquished Creatures
  Sigmund (D:5)
  Eustachio (D:5)
  A phantom (D:4)
  An ogre (D:6)
  A centaur (D:5)
  2 scorpions (D:4)
  A howler monkey (D:6)
  A hound (D:4)
  A jelly (D:6)
  Natasha (thrice) (D:2)
  5 worker ants
  10 adders
  3 river rats (Sewer)
  A shadow imp (D:5)
  An ooze (D:3)
  2 worms (D:3)
  2 dart slugs
  10 leopard geckos
  5 orcs
  4 giant cockroaches
  6 goblins
  8 hobgoblins
  5 jackals
  7 kobolds
  A quokka (D:5)
  5 ball pythons
  8 bats
  8 frilled lizards
  16 rats
120 creatures vanquished.

Notes
Turn   | Place    | Note
-------+----------+-------------------------------------------
     0 | D:1      | royokou the Minotaur Fighter began the quest for the Orb.
     0 | D:1      | Reached XP level 1. HP: 19/19 MP: 0/0
    66 | D:1      | Reached skill level 3 in Axes
    77 | D:1      | Reached XP level 2. HP: 23/26 MP: 1/1
   217 | D:1      | Reached skill level 4 in Axes
   452 | D:1      | Reached XP level 3. HP: 30/31 MP: 2/2
   597 | D:2      | Noticed Natasha
   601 | D:2      | Killed Natasha
   601 | D:2      | Reached skill level 5 in Axes
   641 | D:2      | Reached XP level 4. HP: 37/39 MP: 3/3
   753 | D:2      | Noticed Natasha
   763 | D:2      | Killed Natasha
   825 | D:2      | Noticed Natasha
   827 | D:2      | Killed Natasha
   827 | D:2      | Reached skill level 6 in Axes
   970 | D:2      | Reached XP level 5. HP: 45/45 MP: 4/4
  1374 | D:3      | Reached skill level 7 in Axes
  1847 | D:4      | Reached XP level 6. HP: 45/51 MP: 5/5
  1850 | D:4      | Found a staircase to the Ecumenical Temple.
  1976 | D:4      | Found a stormy altar of Qazlal.
  1986 | D:4      | Reached skill level 8 in Axes
  2163 | D:4      | Reached skill level 9 in Axes
  2163 | D:4      | Reached XP level 7. HP: 47/57 MP: 6/6
  2586 | D:5      | Entered Level 5 of the Dungeon
  2839 | D:5      | Found a glowing drain.
  2861 | Sewer    | Entered a sewer
  3264 | D:5      | Noticed Eustachio
  3285 | D:5      | Killed Eustachio
  3285 | D:5      | Reached skill level 10 in Axes
  3422 | D:5      | Noticed Sigmund
  3443 | D:5      | Killed Sigmund
  3649 | D:5      | Reached skill level 11 in Axes
  3649 | D:5      | Reached XP level 8. HP: 47/64 MP: 7/7
  4073 | Temple   | Entered the Ecumenical Temple
  4182 | Temple   | Became a worshipper of Makhleb the Destroyer
  4419 | D:6      | Noticed a two-headed ogre
  4831 | D:5      | Slain by a two-headed ogre

Vault maps used:
D:1:      dpeg_arrival_ratfight
D:2:      minmay_distorted, uniq_natasha
D:3:      cheibrodos_greedy_goblins, first_ration
D:4:      old_standard_altar, minmay_temple_entry_statues_pillars
D:5:      portal_sewer_entry_f, uniq_eustachio, uniq_sigmund
D:6:      hangedman_abyss_or_decor_slice, hangedman_abyss_or_decor_lesser_grid,
          minmay_misc_feat_columns
Temple:   dpeg_five_rooms_temple
Sewer:    sewer_co_cracked_pipes

Skill      XL: |  1  2  3  4  5  6  7 |
---------------+----------------------+-----
Axes           | 3 4 5 6 7 9 11 | 11.7
Fighting       | |  3.6
Armour         | |  3.6
Shields        | |  3.6

Action                   |  1- 3 |  4- 6 |  7- 9 || total
-------------------------+-------+-------+-------++-------
Melee: War axe           |    71 |   151 |   131 ||   353
       Headbutt          |     8 |    24 |    18 ||    50
  Use: Potion            |       |       |     1 ||     1
 Stab: Distracted        |       |       |     1 ||     1
  Eat: Chunk             |       |     4 |     8 ||    12
Armor: Scale mail        |    25 |    54 |    22 ||   101
Dodge: Dodged            |    16 |    32 |    17 ||    65
Block: Shield            |     9 |       |       ||     9
       Large shield      |    36 |   144 |    95 ||   275
       Reflection        |       |       |     3 ||     3

Table legend:
 A = Spawn XP
 B = Non-spawn XP
 C = Spawn XP percentage of total XP
 D = Spawn monster count
 E = Non-spawn monster count
 F = Spawn count percentage of total count
 G = Total turns spent on level
                    A         B        C        D         E        F      G
               +---------+---------+-------+---------+---------+-------+---------
         Total |       0 |    1695 |   0.0 |       0 |     120 |   0.0 |  4831
               +---------+---------+-------+---------+---------+-------+---------
           D:1 |       0 |      47 |   0.0 |       0 |      28 |   0.0 |   588
           D:2 |       0 |     175 |   0.0 |       0 |      16 |   0.0 |   547
           D:3 |       0 |     101 |   0.0 |       0 |      29 |   0.0 |   692
           D:4 |       0 |     480 |   0.0 |       0 |      13 |   0.0 |   810
           D:5 |       0 |     565 |   0.0 |       0 |      10 |   0.0 |  1387
           D:6 |       0 |     259 |   0.0 |       0 |       8 |   0.0 |   232
         Sewer |       0 |      68 |   0.0 |       0 |      16 |   0.0 |   389
               +---------+---------+-------+---------+---------+-------+---------
